 Dungeon Crawl Stone Soup version 0.30-a0-371-gad7725a93e (webtiles) character file.

Game seed: 8209750948026787996

33 kae the Ruffian (level 3, -15/28 HPs)
             Began as a Draconian Transmuter on Nov 21, 2022.
             Killed by an exploding ball python (30 damage)
             ... ignited by their inner flame
             ... on level 1 of the Dungeon on Nov 22, 2022.
             The game lasted 00:02:04 (544 turns).

kae the Ruffian (Draconian Transmuter)               Turns: 544, Time: 00:02:04

Health: -15/28     AC:  5    Str: 10    XL:     3   Next: 12%
Magic:  4/6        EV: 12    Int: 13    God:
Gold:   62         SH:  0    Dex: 11    Spells: 0/6 levels left

rFire   . . .      SeeInvis .      - Unarmed
rCold   . . .      Faith    .    (no shield)
rNeg    . . .      Spirit   .    (body armour unavailable)
rPois   .          Reflect  .    (helmet restricted)
rElec   .          Harm     .    (no cloak)
rCorr   .          Rampage  .    (no gloves)
Will    .....                    (no boots)
Stlth   +.........               (no amulet)
HPRegen 0.24/turn                (no ring)
MPRegen 0.10/turn                (no ring)

@: attractive
A: AC +5, unfitting armour, cold-blooded, dopey 1, screaming 1, weak 1
a: no special abilities


You were on level 1 of the Dungeon.
You visited 1 branch of the dungeon, and saw 2 of its levels.

You collected 62 gold pieces.


Innate Abilities, Weirdness & Mutations

Your plain brown scales are hard. (AC +5)
You cannot fit into any form of body armour.
You are cold-blooded and may be slowed by cold attacks.
You are dopey. (Int -2)
You occasionally shout uncontrollably at your foes.
You are weak. (Str -2)


   Skills:
 - Level 1.1 Fighting
 - Level 1.7 Dodging
 + Level 3.3 Unarmed Combat
 + Level 2.3 Spellcasting
 * Level 2.9 Transmutations
 * Level 0.0 Poison Magic


You couldn't memorise any spells.
You knew the following spells:

 Your Spells              Type           Power      Damage    Failure   Level
a - Beastly Appendage     Tmut           18%        N/A       8%          1
b - Wereblood             Tmut           9%         N/A       11%         2
c - Spider Form           Tmut/Pois      5%         N/A       36%         3

Your spell library contained the following spells:

 Spells                   Type           Power      Damage    Failure   Level
 Ice Form                 Ice/Tmut       5%         N/A       80%         4

Inventory:

Missiles
 d - 6 stones
Jewellery
 C - a ring of ice
   (You found it on level 1 of the Dungeon)
Potions
 a - a potion of lignification {!q}

Dungeon Overview and Level Annotations

Branches:
Dungeon (2/15) Zot: 11457

Altars:

########.........###
#.....##.........# #
#.....##.........# #
#.....##.........###
#........[....##....
#.........###### ###
#.§§§.....###... ..
#.§○§........... ..
#.§@K.#....#.... ..
#######S...# ... ##
#....# . ........# .
.........! ..
..........# ..
...........# ..
#...........# .
###..........


You could see a kobold (inner flame).


Message History

Your transformation is almost over.
Key pressed, stopping explore.
g - a fuming puce potion Your horns disappear.
Your talons disappear.
A ball python comes into view. 😎 MP[+1]
Your mp is fully restored (6).
A kobold and a ball python come into view.
The kobold shouts!
There are monsters nearby!
Unknown command.
There are monsters nearby!
There are monsters nearby!
Casting: Beastly Appendage (safe; 6% risk of failure)
Confirm with . or Enter, or press ? or * to list all spells.
The spell is extremely dangerous to miscast (34% risk of failure)!
Continue anyway? [Y]es or [N]o only, please.
The spell is extremely dangerous to miscast (34% risk of failure)!
Continue anyway?
You miscast Spider Form.
You are very lightly contaminated with residual magic.
You feel incredibly sick!
You are poisoned.
The ball python hisses angrily.
You feel sick. 😮 HP[-13] MP[-3]
You take 13 damage, and now have 15/28 hp.
MASSIVE DAMAGE!! (PAUSE)
You lost 3 mp, and now have 3/6 mp.
As you read the scroll labelled AKHOBU VEMEI, it crumbles to dust.
The creatures around you are filled with an inner flame!
It was a scroll of immolation.
You feel sick. The ball python misses you.
The ball python closely misses you. 😨 HP[-1]
You take 1 damage, and now have 14/28 hp.
Unknown command.
As you read the scroll labelled URAAN NIOSU, it crumbles to dust.
It is a scroll of enchant weapon.
You aren't carrying any weapons that can be enchanted.
You feel sick.
The ball python bites you but does no damage.
The ball python grabs you.
The ball python constricts you. 😨 HP[-1]
You take 1 damage, and now have 13/28 hp.
Unknown command.
Unknown command.
It was a potion of mutation.
You feel extremely strange.
You feel stupid.
You feel the urge to shout.
You feel weaker.
You feel sick. The ball python misses you. The ball python constricts you.
The ball python bites you.
* * * LOW HITPOINT WARNING * * *
The ball python constricts you.
* * * LOW HITPOINT WARNING * * *
😨 HP[-3]
You take 3 damage, and now have 10/28 hp.
Unknown command.
It was a potion of attraction.
You feel attractive to monsters.
You feel sick.
You are no longer poisoned.
The kobold closely misses you.
The ball python loses its grip on you. 😨 HP[-1]
You take 1 damage, and now have 9/28 hp.
It was a potion of curing.
You feel better. The kobold closely misses you.
The ball python barely misses you. The ball python grabs you.
The ball python constricts you.
The ball python closely misses you. 😨 HP[+5]
You regained 5 hp, and now have 14/28 hp.
Unknown command.
You aren't carrying any items that you can evoke.
Unknown command.
You aren't carrying any scrolls.
Unknown command.
You escape the ball python's grasp.
The ball python attacks as you move away!
The ball python closely misses you. The ball python barely misses you.
The kobold attacks as you move away!
The kobold hits you but does no damage. 😮 HP[+1]
The kobold attacks as you move away! The kobold hits you but does no damage.
The ball python is attracted toward you. 😮 MP[+1]
The ball python is attracted toward you.
You see here a scroll labelled ZUISHRI DYWYTOH.
As you read the scroll labelled ZUISHRI DYWYTOH, it crumbles to dust.
It is a scroll of amnesia.
Really abort (and waste the scroll)?
Okay, then.
The kobold hits you but does no damage.
Your magical contamination has completely faded away. 😮 HP[+1] Unknown command.
You hit the ball python.
Flame seeps out of the ball python.
The kobold hits you with a +0 dagger.
The ball python is engulfed in blazing flames.
The ball python explodes!
The fiery explosion engulfs the ball python!!
The fiery explosion engulfs you!!
Ouch! That really hurt!
You die...

Action                   || total
-------------------------++-------
Melee: Unarmed           ||    41
       Kick              ||     7
       Headbutt          ||     5
       Tailslap          ||     5
       Punch             ||     1
 Cast: Beastly Appendage ||    12
  Use: Scroll            ||     3
       Potion            ||     3
Armor: Skin              ||    10
Dodge: Dodged            ||    37

Levels and vault maps discovered:
D:1:      dpeg_arrival_tiny_a, layout_basic
D:2:      layout_loops_ring, uniq_terence

Notes
Turn   | Place    | Note
-------+----------+-------------------------------------------
     0 | D:1      | kae the Draconian Transmuter began the quest for the Orb.
     0 | D:1      | Reached XP level 1. HP: 16/16 MP: 3/3
     0 | D:1      | magus.rc [v1.11.3]
    19 | D:1      | magus.rc [v1.11.3]
   227 | D:2      | Reached XP level 2. HP: 23/23 MP: 5/5
   490 | D:1      | Reached XP level 3. HP: 28/28 MP: 4/6
   500 | D:1      | Learned a level 2 spell: Wereblood
   504 | D:1      | Learned a level 3 spell: Spider Form
   535 | D:1      | Gained mutation: You are dopey. (Int -2) [potion of
                  | mutation]
   535 | D:1      | Gained mutation: You occasionally shout uncontrollably at
                  | your foes. [potion of mutation]
   535 | D:1      | Gained mutation: You are weak. (Str -2) [potion of
                  | mutation]
   544 | D:1      | Killed by an exploding ball python... ignited by their
                  | inner flame

Vanquished Creatures
  A gnoll (D:1)
  7 ball pythons
  An endoplasm (D:1)
  A giant cockroach (D:1)
  2 goblins
  2 hobgoblins (D:1)
  2 jackals (D:1)
  3 kobolds (D:1)
  2 frilled lizards (D:2)
  4 rats (D:1)
25 creatures vanquished.

Table legend:
 A = Non-vault XP
 B = Vault XP
 C = Vault XP percentage of total XP
 D = Non-vault monster count
 E = Vault monster count
 F = Vault count percentage of total count
                 A         B        C        D         E       F
            +---------+---------+-------+---------+---------+-------
      Total |      51 |       0 |   0.0 |      25 |       0 |   0.0
            +---------+---------+-------+---------+---------+-------
        D:1 |      44 |       0 |   0.0 |      20 |       0 |   0.0
        D:2 |       7 |       0 |   0.0 |       5 |       0 |   0.0
            +---------+---------+-------+---------+---------+-------

Illustrated notes

Table legend:
 A = Kills in this place as a percentage of kills in entire the game.
 B = Kills by you in this place as a percentage of kills by you in the entire game.
 C = Kills by friends in this place as a percentage of kills by friends in the entire game.
 D = Other kills in this place as a percentage of other kills in the entire game.
 E = Experience gained in this place as a percentage of experience gained in the entire game.
 F = Experience gained in this place divided by the number of levels of this place that you have seen.
                   A       B       C       D       E      F
               +-------+-------+-------+-------+-------+----------------------
         Total | 100.0 | 100.0 |   N/A |   N/A | 100.0 |  25.5
       Dungeon | 100.0 | 100.0 |   N/A |   N/A | 100.0 |  25.5
               +-------+-------+-------+-------+-------+----------------------

Table legend: (Time is in decaauts)
 A = Elapsed time spent in this place.
 B = Non-inter-level travel time spent in this place.
 C = Inter-level travel time spent in this place.
 D = Time resting spent in this place.
 E = Time spent auto-exploring this place.
 F = Levels seen in this place.
 G = Mean time per level.
                   A        B        C        D        E       F      G
               +--------+--------+--------+--------+--------+-----+--------+
         Total |    541 |    516 |     25 |     20 |    329 |   2 |  270.5 |
       Dungeon |    541 |    516 |     25 |     20 |    329 |   2 |  270.5 |
               +--------+--------+--------+--------+--------+-----+--------+

Top non-repeatable levels by time:
     D:1: 393 daAuts
     D:2: 147 daAuts
